 Dungeon Crawl Stone Soup version 0.23-a0-577-g2b1de94 (webtiles) character file.

195374 Knaves the Severer (level 17, -2/160 HPs)
             Began as a Minotaur Berserker on Dec 14, 2018.
             Was an Elder of Trog.
             Slain by a phantasmal warrior (14 damage)
             ... summoned by a curse skull
             ... on level 2 of the Vaults on Dec 15, 2018.
             The game lasted 03:57:14 (35795 turns).

Knaves the Severer (Minotaur Berserker)            Turns: 35795, Time: 03:57:15

Health: -2/160     AC: 25    Str: 31    XL:     17   Next: 71%
Magic:  16/16      EV: 14    Int:  4    God:    Trog [****..]
Gold:   2386       SH:  7    Dex: 15    Spells: 16/16 levels left

rFire    + + .     SeeInvis .   b - +8 mithril axe "Arga" {speed, MR+}
rCold    + + +     Gourm    .   s - +2 buckler {rC+}
rNeg     . . .     Faith    .   L - +0 crystal plate armour
rPois    +         Spirit   .   S - +2 hat
rElec    .         Reflect  .   k - scarf {rC+ rF+}
rCorr    .         Harm     .   N - +0 pair of gloves
MR       +....                  I - +0 pair of boots
Stlth    ..........             p - amulet of regeneration
HPRegen  0.76/turn              q - ring of Absolutism {Wiz rPois rF+ rC+ Dex+2}
MPRegen  0.15/turn              W - ring of Hezxyson {MR+ AC-3 Str+5}

@: vulnerable, heavily drained
A: retaliatory headbutt, horns 2
}: 1/15 runes: decaying
a: Berserk, Trog's Hand, Brothers in Arms, Renounce Religion


You were on level 2 of the Vaults.
You worshipped Trog.
Trog was greatly pleased with you.
You were not hungry.

You visited 6 branches of the dungeon, and saw 30 of its levels.
You also visited: Ossuary and Gauntlet.

You collected 2844 gold pieces.
You spent 458 gold pieces at shops.

Inventory:

Hand Weapons
 a - a +7 broad axe of flaming
 b - the +8 mithril axe "Arga" (weapon) {speed, MR+}
   (Trog gifted it to you on level 3 of the Swamp)

   Attacks with this weapon are significantly faster.
   It affects your resistance to hostile enchantments.
 i - a +1 executioner's axe of freezing
 D - a +0 blowgun
 G - a +2 antimagic battleaxe
Missiles
 h - 488 stones
 m - 24 javelins
 n - 4 exploding tomahawks
 A - 31 tomahawks
 E - 2 needles of sleeping
 H - 15 javelins of returning
 M - 65 poisoned needles
 T - 9 needles of paralysis
 Y - 7 needles of confusion
 Z - 18 tomahawks of returning (quivered)
Armour
 k - a scarf of resistance (worn)
 s - a +2 buckler of cold resistance (worn)
 u - +0 fire dragon scales
 v - +0 acid dragon scales
 I - a +0 pair of boots (worn)
 L - a +0 crystal plate armour (worn)
 N - a +0 pair of gloves (worn)
 O - a +0 leather armour
 S - a +2 hat (worn)
Jewellery
 o - an uncursed amulet of the acrobat
 p - an amulet of regeneration (around neck)
 q - the ring of Absolutism (left hand) {Wiz rPois rF+ rC+ Dex+2}
   (You found it on level 2 of the Swamp)

   [ring of wizardry]

   It improves your spell success rate.
   It affects your dexterity (+2).
   It protects you from fire.
   It protects you from cold.
   It protects you from poison.
 r - a +5 ring of slaying
 W - the ring of Hezxyson (right hand) {MR+ AC-3 Str+5}
   (You found it in a Gauntlet)

   [ring of protection]

   It affects your AC (-3).
   It affects your strength (+5).
   It affects your resistance to hostile enchantments.
Wands
 j - a wand of disintegration (12)
 w - a wand of paralysis (20)
 P - a wand of scattershot (11)
 Q - a wand of iceblast (5)
 U - a wand of polymorph (24)
 V - a wand of digging (11)
 X - a wand of random effects (24)
Scrolls
 d - 5 scrolls of fear
 l - 8 scrolls of teleportation
 t - 2 scrolls of enchant weapon
 y - a scroll of fog
 B - a scroll of identify
 C - 11 scrolls of remove curse
 J - a scroll of magic mapping
 R - 2 scrolls of summoning
Potions
 e - 2 potions of agility
 f - a potion of might
 g - 3 potions of haste
 x - a potion of flight
 z - 8 potions of curing
 F - 6 potions of heal wounds
 K - 2 potions of magic
Comestibles
 c - 51 rations


   Skills:
 + Level 16.7(15.0) Fighting
 * Level 20.6(18.7) Axes
 - Level 10.3(8.8) Throwing
 + Level 16.6(14.9) Armour
 + Level 15.4(13.8) Dodging
 - Level 4.0(2.7) Shields


You had 16 spell levels left.
You didn't know any spells.
Your spell library contained the following spells:

 Spells                   Type           Power        Failure   Level  Hunger
 Apportation              Tloc           #.....       98%         1    ##.....
 Beastly Appendage        Tmut           #.....       98%         1    ##.....
 Confusing Touch          Hex            #.....       98%         1    ##.....
 Flame Tongue             Conj/Fire      #....        98%         1    ##.....
 Magic Dart               Conj           #...         98%         1    ##.....
 Summon Butterflies       Summ           #.......     98%         1    ##.....
 Summon Small Mammal      Summ           #...         98%         1    ##.....
 Blink                    Tloc           N/A          99%         2    ###....
 Call Imp                 Summ           #.......     99%         2    ###....
 Passwall                 Tmut/Erth      #.......     99%         2    ###....
 Slow                     Hex            #.......     99%         2    ###....
 Throw Flame              Conj/Fire      #.....       99%         2    ###....
 Call Canine Familiar     Summ           #.......     100%        3    ####...
 Confuse                  Hex            #.......     100%        3    ####...
 Conjure Flame            Conj/Fire      #.......     100%        3    ####...
 Gell's Gravitas          Tloc           #.........   100%        3    ####...
 Ignite Poison            Fire/Tmut/Pois #.......     100%        3    ####...
 Mephitic Cloud           Conj/Pois/Air  #.......     100%        3    ####...
 Spider Form              Tmut/Pois      #.........   100%        3    ####...
 Summon Guardian Golem    Hex/Summ       #.......     100%        3    ####...
 Teleport Other           Tloc           #.......     100%        3    ####...
 Cause Fear               Hex            #.........   100%        4    #####..
 Petrify                  Tmut/Erth      #.......     100%        4    #####..
 Sticky Flame             Conj/Fire      #.......     100%        4    #####..
 Summon Ice Beast         Ice/Summ       #.......     100%        4    #####..
 Summon Lightning Spire   Summ/Air       #.......     100%        4    #####..
 Irradiate                Conj/Tmut      #.........   100%        5    ######.
 Metabolic Englaciation   Hex/Ice        #.........   100%        5    ######.
 Silence                  Hex/Air        #.........   100%        5    ######.
 Summon Forest            Summ/Tloc      #.........   100%        5    ######.
 Summon Mana Viper        Hex/Summ       #.......     100%        5    ######.
 Yara's Violent Unravell  Hex/Tmut       #.........   100%        5    ######.
 Deflect Missiles         Chrm/Air       #.........   100%        6    #######
 Dispersal                Tloc           #.........   100%        6    #######
 Hydra Form               Tmut           #.........   100%        6    #######
 Statue Form              Tmut/Erth      #........    100%        6    #######
 Dragon Form              Tmut           #.........   100%        7    #######
 Malign Gateway           Summ/Tloc      #.........   100%        7    #######
 Ring of Flames           Chrm/Fire      #.........   100%        7    #######
 Summon Hydra             Summ           #.........   100%        7    #######
 Discord                  Hex            #.........   100%        8    #######
 Disjunction              Tloc           #.........   100%        8    #######
 Ignition                 Fire           #.........   100%        8    #######


Dungeon Overview and Level Annotations

Branches:
Dungeon (15/15)            Temple (0/1) D:6            Lair (6/6) D:11
  Swamp (4/4) Lair:3        Snake (1/4) Lair:3        Slime (0/5) Lair:5
    Orc (2/2) D:12            Elf (0/3) Orc:2        Vaults (2/5) D:14
 Depths (0/5) D:15
  Crypt: Vaults:2-3

Altars:
Ashenzari
Dithmenos
Elyvilon
Qazlal
Uskayaw
Yredelemnul
Zin
Beogh

Shops:
D:4 [   D:5 [   D:6 *   D:10 (   D:12 }   D:13 (   D:15 ((}*   Orc:2 *!=![
Vaults:1 :

Portals:
Trove: Vaults:1 (give 17 scrolls of teleportation)

Annotations:
Lair:4 1 runed door, exclusion: oklob plant, Voug's ghost, journeyman FeTm
Lair:5 exclusion: oklob plant
Snake:1 exclusion: oklob plant
Vaults:1 Treasure Trove - Need 17 Teleportation Scrolls


Innate Abilities, Weirdness & Mutations

You reflexively headbutt those who attack you in melee.
You have a pair of horns on your head.


Message History

You completely miss the phantasmal warrior.
The ancient champion gestures at you while chanting.
The bolt of negative energy hits you!
You feel drained.
The phantasmal warrior barely misses you.
You slash the phantasmal warrior!
Your headbutt misses the phantasmal warrior.
The phantasmal warrior is lightly damaged.
You barely miss the phantasmal warrior.
The phantasmal warrior is lightly damaged.
The phantasmal warrior hits you!
Your magical defenses are stripped away!
You slash the phantasmal warrior!
The phantasmal warrior is heavily damaged.
You slash the phantasmal warrior! You headbutt the phantasmal warrior.
The phantasmal warrior is severely damaged.
The ancient champion gestures at you while chanting.
The bolt of negative energy hits you!
You feel drained.
* * * LOW HITPOINT WARNING * * *
The phantasmal warrior hits you!
You die...

#....##########.......#
#.#..# ###....## #...##
###..# ##...# #### #....#
###'###### #......#
###########......########
..........#.....@W.......
..........'..z...#.##.##.
..........#......#Z#
...)..<...'......#z.
..........########n#.
..........# Z##.
..........# .ยง ..
######'######### Z#+####
#......###MWW.W## .......


You could see an ancient champion and a phantasmal warrior.

Vanquished Creatures
  Jorgrun (Swamp:1)
  An eldritch tentacle (Vaults:1)
  2 thorn hunters
  Kirke (Lair:4)
  A vault warden (Vaults:1)
  A stone giant (Vaults:2)
  An ironheart preserver (Vaults:1)
  A deep elf annihilator (Vaults:1)
  A minotaur (Gauntlet)
  A yaktaur captain (Vaults:2)
  2 ogre magi (Vaults:1)
  4 fire dragons
  A naga warrior (Lair:3)
  A rakshasa (Vaults:1)
  5 vault guards (Vaults:1)
  Harold (D:8)
  3 ice dragons
  A ghost crab (Swamp:1)
  4 centaur warriors
  14 hydras
  2 dancing weapons (D:14)
  14 alligators
  A catoblepas (Lair:6)
  A deep troll shaman (Lair:6)
  A death knight (D:14)
  11 two-headed ogres
  16 death yaks
  A vampire mage (Vaults:2)
  2 tengu warriors (D:15)
  Urug (D:10)
  A naga sharpshooter (Snake:1)
  A shock serpent (Lair:3)
  5 spriggans
  A soul eater (Gauntlet)
  An orc high priest (Orc:1)
  Sonja (Orc:1)
  A shadow wraith (Vaults:1)
  A fire crab (Vaults:1)
  5 skeletal warriors (Vaults:1)
  A spriggan druid (Swamp:2)
  13 swamp dragons
  2 deep trolls (Vaults:1)
  3 unseen horrors
  4 wizards
  A lindwurm (Vaults:1)
  8 deep elf magi
  2 wolf spider zombies
  2 mana vipers (Snake:1)
  13 orc knights
  4 cyclopes
  21 ugly things
  4 orc sorcerers
  A manticore (D:11)
  7 elephants
  A moth of wrath (Swamp:2)
  A salamander (Lair:3)
  Psyche (D:10)
  2 molten gargoyles (Vaults:1)
  Maurice (Orc:1)
  5 black mambas
  An apocalypse crab (Gauntlet)
  5 naga magi
  Joseph (D:8)
  2 vault sentinels
  2 torpor snails (Swamp:3)
  3 centaur skeletons
  15 spiny frogs
  A freezing wraith (Vaults:1)
  3 yaktaurs (Vaults:1)
  A rime drake (Lair:2)
  5 komodo dragons
  A jumping spider (Vaults:1)
  7 trolls
  2 queen bees
  4 hornets
  2 polar bears (Lair:6)
  A wind drake (shapeshifter) (Vaults:1)
  19 tyrant leeches
  A troll (shapeshifter) (Vaults:1)
  6 blink frogs
  10 bog bodies
  32 slime creatures
  6 dream sheep (Lair:3)
  5 hippogriffs
  8 redbacks (Snake:1)
  3 shadows
  A vampire (D:13)
  3 wraiths
  53 yaks
  3 wyverns
  A ynoxinul (Gauntlet)
  5 hogs (Lair:4)
  2 fire elementals (Vaults:1)
  A basilisk (Lair:5)
  A hungry ghost (D:14)
  14 vampire mosquitoes
  Edmund (D:5)
  5 wargs
  2 spatial vortices (Vaults:1)
  An acid dragon (Vaults:1)
  A soldier ant (D:14)
  16 swamp worms
  12 insubstantial wisps
  9 nagas
  10 water moccasins
  9 porcupines
  8 swamp drakes
  A meliai simulacrum (D:14)
  40 orc warriors
  2 sky beasts
  A black bear (shapeshifter) (D:15)
  6 ice beasts
  4 black bears
  2 phantoms
  An eye of draining (D:9)
  2 necrophages
  4 boggarts
  9 ogres
  6 centaurs
  4 wolves (Lair:6)
  An elf zombie (Ossuary)
  12 crocodiles
  A big kobold (D:8)
  20 bullfrogs
  A glowing shapeshifter simulacrum (Vaults:2)
  2 scorpions
  42 killer bees
  7 wights
  2 vampire bats (Lair:4)
  2 electric eels
  12 crimson imps
  2 bullfrog zombies
  2 centaur zombies
  A gnoll shaman (D:4)
  2 lava snakes (Vaults:1)
  A quasit (D:5)
  6 jellies
  4 bullfrog skeletons
  A human zombie (Ossuary)
  7 orc priests
  8 hounds
  4 iron imps (Gauntlet)
  23 orc wizards
  10 iguanas
  9 worker ants
  2 hell rats (D:11)
  2 big kobold zombies (Ossuary)
  3 hound zombies
  2 mummies (Ossuary)
  15 gnolls
  A river rat (D:11)
  10 adders
  9 shadow imps
  An adder skeleton (D:4)
  3 adder zombies
  3 worms
  4 dart slugs
  4 leopard geckos
  93 orcs
  8 giant cockroaches
  2 gnoll zombies (D:5)
  6 goblins
  6 hobgoblins
  2 jackals (D:3)
  7 kobolds
  2 quokkas
  A ball python (D:8)
  16 bats
  5 frilled lizards
  2 goblin zombies (Ossuary)
  9 hobgoblin zombies (Ossuary)
  2 jackal zombies (Ossuary)
  8 kobold zombies (Ossuary)
  2 leopard gecko skeletons
  A leopard gecko zombie (D:8)
  8 orc zombies (Ossuary)
  A quokka zombie (D:8)
  5 rats
  A rat zombie (Ossuary)
  3 plants
1028 creatures vanquished.

Vanquished Creatures (collateral kills)
  the Lernaean hydra (Swamp:4)
  Roxanne (D:15)
  A deep elf demonologist (Vaults:1)
  Fannar (D:10)
  A hydra (D:9)
  A tengu warrior (D:13)
  A deep troll earth mage (Vaults:1)
  An ugly thing (D:12)
  An efreet (D:15)
  A kobold demonologist (D:12)
  An ice beast (D:15)
  A sky beast (D:15)
  A black bear (D:10)
  A centaur (Vaults:1)
  2 big kobolds (D:12)
  A killer bee (D:8)
  4 gnolls (D:8)
  A kobold (D:12)
22 creatures vanquished.

Vanquished Creatures (others)
  An ironheart preserver (Vaults:1)
  A blink frog (Vaults:1)
  6 fungi (Gauntlet)
  22 plants
30 creatures vanquished.

Grand Total: 1080 creatures vanquished

Notes
Turn   | Place    | Note
-------+----------+-------------------------------------------
     0 | D:1      | Knaves the Minotaur Berserker began the quest for the Orb.
     0 | D:1      | Reached XP level 1. HP: 19/19 MP: 0/0
   307 | D:1      | Reached XP level 2. HP: 27/27 MP: 1/1
   472 | D:1      | Reached skill level 4 in Axes
   852 | D:1      | Reached XP level 3. HP: 33/33 MP: 2/2
  1255 | D:2      | Found a shattered altar of Ashenzari.
  1342 | D:2      | Reached XP level 4. HP: 40/40 MP: 3/3
  1445 | D:2      | Reached ** piety under Trog
  2224 | D:3      | Reached skill level 1 in Throwing
  2353 | D:3      | Reached XP level 5. HP: 43/47 MP: 4/4
  2355 | D:3      | Reached skill level 5 in Axes
  2653 | D:3      | Found a white marble altar of Elyvilon.
  3272 | D:4      | Reached XP level 6. HP: 48/55 MP: 5/5
  3598 | D:4      | Reached skill level 5 in Fighting
  3822 | D:4      | Reached skill level 6 in Axes
  3946 | D:4      | Reached XP level 7. HP: 61/61 MP: 6/6
  3949 | D:4      | Reached *** piety under Trog
  3951 | D:4      | Received a gift from Trog
  4097 | D:4      | Found Laodd's Antique Armour Emporium.
  4617 | D:5      | Entered Level 5 of the Dungeon
  4687 | D:5      | Found a stormy altar of Qazlal.
  4806 | D:5      | Reached skill level 7 in Axes
  4845 | D:5      | Found Dafizxez's Armour Boutique.
  4861 | D:5      | Reached skill level 5 in Armour
  4891 | D:5      | Noticed Edmund
  4902 | D:5      | Killed Edmund
  4902 | D:5      | Reached XP level 8. HP: 70/70 MP: 7/7
  5307 | D:5      | Reached skill level 5 in Dodging
  5307 | D:5      | Reached skill level 1 in Shields
  5371 | D:5      | Found a basalt altar of Yredelemnul.
  5483 | D:5      | Got a slimy hand axe
  5484 | D:5      | Identified the +9 hand axe of the Living Dead {chop, Str+5}
                  | (You found it on level 5 of the Dungeon)
  5644 | D:6      | Found a staircase to the Ecumenical Temple.
  5654 | D:6      | Reached skill level 8 in Axes
  5774 | D:6      | Found Xiliuvin's Assorted Antiques.
  5840 | D:6      | Found a shadowy altar of Dithmenos.
  6286 | D:6      | Found a glowing silver altar of Zin.
  6437 | D:7      | Found a sand-covered staircase.
  6448 | Ossuary  | Entered an ossuary
  6569 | Ossuary  | Reached **** piety under Trog
  6713 | Ossuary  | Reached XP level 9. HP: 78/78 MP: 8/8
  6886 | D:7      | Received a gift from Trog
  6891 | D:7      | Reached skill level 9 in Axes
  7512 | D:8      | Noticed Harold
  7802 | D:8      | Killed Harold
  7802 | D:8      | Reached skill level 10 in Axes
  7802 | D:8      | Reached skill level 5 in Throwing
  7858 | D:8      | Noticed Joseph
  7878 | D:8      | Reached XP level 10. HP: 88/88 MP: 9/9
  7892 | D:8      | Killed Joseph
  8039 | D:8      | Got a scintillating tin ring
  8322 | D:9      | Received a gift from Trog
  8543 | D:9      | Reached skill level 11 in Axes
  8652 | D:9      | Reached ***** piety under Trog
  8881 | D:9      | Noticed a cyclops
  8885 | D:9      | Received a gift from Trog
  8890 | D:9      | Noticed a +0 hand axe
  8890 | D:9      | Noticed a +0 hand axe
  8891 | D:9      | Found a hide-covered altar of Uskayaw.
  8895 | D:9      | Killed a cyclops
  8955 | D:9      | Noticed an eight-headed hydra
  8962 | D:9      | Killed an eight-headed hydra
  9201 | D:10     | Entered Level 10 of the Dungeon
  9220 | D:10     | Reached XP level 11. HP: 93/97 MP: 10/10
  9221 | D:10     | Noticed Urug
  9240 | D:10     | Killed Urug
  9240 | D:10     | Reached skill level 12 in Axes
  9693 | D:10     | Noticed Psyche
  9703 | D:10     | Killed Psyche
  9794 | D:10     | Found Nietta's Weapon Shop.
  9870 | D:10     | Noticed Fannar
  9879 | D:10     | Killed Fannar
 10190 | D:11     | Noticed a death yak
 10190 | D:11     | Noticed a death yak
 10193 | D:11     | Noticed a death yak
 10200 | D:11     | Killed a death yak
 10206 | D:11     | Killed a death yak
 10210 | D:11     | Killed a death yak
 10248 | D:11     | Found a staircase to the Lair.
 10456 | D:11     | Noticed a brown ugly thing
 10464 | D:11     | Received a gift from Trog
 10464 | D:11     | Reached skill level 13 in Axes
 10465 | D:11     | Killed a brown ugly thing
 10557 | D:11     | Reached skill level 10 in Fighting
 11436 | D:12     | Noticed a two-headed ogre
 11454 | D:12     | Killed a two-headed ogre
 11454 | D:12     | Reached XP level 12. HP: 106/106 MP: 11/11
 11739 | D:12     | You fall through a shaft for 2 floors!
 11739 | D:14     | Noticed a death knight
 11761 | D:13     | Reached skill level 10 in Armour
 12077 | D:13     | Noticed a tengu warrior
 12081 | D:13     | Killed a tengu warrior
 12081 | D:13     | Received a gift from Trog
 12238 | D:13     | Reached skill level 14 in Axes
 12418 | D:13     | Noticed a centaur warrior
 12434 | D:13     | Killed a centaur warrior
 12601 | D:13     | Found Qaenoun's Weapon Shop.
 12609 | D:13     | Bought 5 tomahawks of returning for 60 gold pieces
 12609 | D:13     | Bought 8 javelins for 76 gold pieces
 12955 | D:12     | Found a staircase to the Orcish Mines.
 12981 | D:12     | Found Kopruz's Gadget Shop.
 13008 | D:12     | Reached skill level 10 in Dodging
 13176 | D:12     | Noticed a two-headed ogre
 13188 | D:12     | Killed a two-headed ogre
 13417 | D:12     | Noticed a two-headed ogre
 13426 | D:12     | Killed a two-headed ogre
 13441 | D:12     | Received a gift from Trog
 13485 | D:12     | Noticed a fire dragon
 13496 | D:12     | Killed a fire dragon
 13629 | D:12     | Reached XP level 13. HP: 116/116 MP: 12/12
 13690 | Orc:1    | Entered Level 1 of the Orcish Mines
 13825 | Orc:1    | You fall through a shaft!
 13825 | Orc:2    | Entered Level 2 of the Orcish Mines
 13826 | Orc:2    | Found Fany's Armour Emporium.
 13836 | Orc:2    | Received a gift from Trog
 14253 | Orc:1    | Noticed Maurice
 14261 | Orc:1    | Killed Maurice
 14501 | Orc:1    | Noticed Sonja
 14509 | Orc:1    | Killed Sonja
 14532 | Orc:1    | You fall through a shaft!
 14692 | Orc:2    | Received a gift from Trog
 14696 | Orc:2    | Reached skill level 10 in Throwing
 14929 | D:10     | Identified the ring "Taofaet" {rC+ Stlth-} (You found it on
                  | level 8 of the Dungeon)
 15278 | Orc:2    | Received a gift from Trog
 15448 | Orc:2    | Received a gift from Trog
 15449 | Orc:2    | Found Cuary's Distillery.
 15515 | Orc:2    | Bought a potion of heal wounds for 65 gold pieces
 15515 | Orc:2    | Bought a potion of haste for 130 gold pieces
 15515 | Orc:2    | Bought a potion of heal wounds for 65 gold pieces
 15726 | Orc:2    | Found Ryemir's Jewellery Shop.
 15934 | Orc:2    | Found a staircase to the Elven Halls.
 16066 | Orc:2    | Found Davelose's Assorted Antiques.
 16137 | Orc:2    | Bought a scroll of identify for 62 gold pieces
 16142 | Orc:2    | Found Diepo's Distillery.
 16150 | Orc:2    | Reached ****** piety under Trog
 16281 | Orc:2    | Found a roughly hewn altar of Beogh.
 16529 | Lair:1   | Entered Level 1 of the Lair of Beasts
 17287 | Lair:2   | Reached XP level 14. HP: 116/127 MP: 13/13
 17948 | Lair:2   | Reached skill level 15 in Axes
 18375 | Lair:3   | Received a gift from Trog
 18427 | Lair:3   | Found a staircase to the Snake Pit.
 18429 | Lair:3   | You fall through a shaft for 3 floors!
 18429 | Lair:6   | Entered Level 6 of the Lair of Beasts
 18636 | Lair:4   | Found a runed door.
 18648 | Lair:4   | Noticed Voug's ghost (journeyman FeTm)
 18901 | Lair:4   | Noticed Kirke
 19103 | Lair:4   | Killed Kirke
 19595 | Lair:4   | Received a gift from Trog
 20268 | Lair:5   | Found a staircase to the Slime Pits.
 20673 | Lair:6   | Reached skill level 16 in Axes
 21097 | Lair:6   | Found the +7 Spriggan's Knife {stab, EV+4 Stlth+}
 22580 | Snake:1  | Entered Level 1 of the Snake Pit
 22597 | Lair:3   | Reached XP level 15. HP: 107/138 MP: 14/14
 23698 | Lair:3   | Found a staircase to the Swamp.
 23990 | Swamp:1  | Entered Level 1 of the Swamp
 24016 | Swamp:1  | Noticed Jorgrun
 24279 | Swamp:1  | Reached skill level 17 in Axes
 24495 | Swamp:1  | Received a gift from Trog
 25238 | Swamp:1  | Killed Jorgrun
 25634 | Swamp:2  | Received a gift from Trog
 25708 | Swamp:2  | Noticed a thorn hunter
 25722 | Swamp:2  | Killed a thorn hunter
 25912 | Swamp:2  | Received a gift from Trog
 25991 | Swamp:2  | Got a heavily runed steel ring
 26234 | Swamp:2  | Identified the ring of Absolutism {Wiz rPois rF+ rC+ Dex+2}
                  | (You found it on level 2 of the Swamp)
 26830 | Swamp:3  | Received a gift from Trog
 26831 | Swamp:3  | Found the +8 mithril axe "Arga" {speed, MR+}
 26846 | Swamp:2  | Reached skill level 15 in Fighting
 26881 | Swamp:3  | Reached skill level 18 in Axes
 27215 | Swamp:3  | Reached XP level 16. HP: 149/149 MP: 15/15
 27416 | Swamp:3  | Noticed a thorn hunter
 27425 | Swamp:3  | Killed a thorn hunter
 27425 | Swamp:3  | Reached skill level 15 in Armour
 28381 | Swamp:4  | Entered Level 4 of the Swamp
 28714 | Swamp:4  | Noticed the 27-headed Lernaean hydra
 28783 | Swamp:4  | Received a gift from Trog
 28806 | Swamp:4  | HP: 4/149 [the 27-headed Lernaean hydra (8)]
 28813 | Swamp:4  | Killed the 27-headed Lernaean hydra
 29449 | Swamp:4  | Got a decaying rune of Zot
 29848 | D:10     | Identified a scroll of acquirement
 30348 | D:14     | Found a gate to the Vaults.
 30351 | D:14     | Reached skill level 19 in Axes
 31039 | D:15     | Entered Level 15 of the Dungeon
 31051 | D:15     | Found Osorchox's General Store.
 31087 | D:15     | Found Lojap's Antique Weapon Emporium.
 31090 | D:15     | Identified Roxanne's Collected Works on Transmutation
 31090 | D:15     | Noticed Roxanne
 31101 | D:15     | Killed Roxanne
 31118 | D:15     | Found Toigibb's Gadget Boutique.
 31141 | D:15     | Found a shadowy altar of Dithmenos.
 31159 | D:15     | Found Lafikij's Antique Weapon Shoppe.
 31202 | D:15     | Received a gift from Trog
 31205 | D:15     | Found a staircase to the Depths.
 31418 | D:15     | Found a gate leading to a gauntlet.
 31425 | Gauntlet | Entered a Gauntlet
 31425 | Gauntlet | Found a transporter.
 31435 | Gauntlet | Found a transporter.
 31449 | Gauntlet | Found a transporter.
 31454 | Gauntlet | Found a transporter.
 31469 | Gauntlet | Found a transporter.
 31488 | Gauntlet | Found a transporter.
 31500 | Gauntlet | Found a transporter.
 31506 | Gauntlet | Found a transporter.
 31521 | Gauntlet | Found a transporter.
 31533 | Gauntlet | Found a transporter.
 31545 | Gauntlet | Found a transporter.
 31562 | Gauntlet | Found a transporter.
 31579 | Gauntlet | Found a transporter.
 31581 | Gauntlet | Found a transporter.
 31606 | Gauntlet | Found a transporter.
 31608 | Gauntlet | Found a transporter.
 31628 | Gauntlet | Found a transporter.
 31718 | Gauntlet | Found a transporter.
 32217 | Gauntlet | Got a fine lapis lazuli ring
 32222 | Gauntlet | Got a smelly plate armour
 32235 | Gauntlet | Identified the +1 plate armour "Kameatoi" {*Contam rElec
                  | Dex+2 Stlth+} (You found it in a Gauntlet)
 32239 | Gauntlet | Identified the cursed ring of Hezxyson {MR+ AC-3 Str+5}
                  | (You found it in a Gauntlet)
 32308 | Gauntlet | Found the +4 dagger "Morg" {pain, MR+ Int+5}
 33165 | Vaults:1 | Entered Level 1 of the Vaults
 33291 | Vaults:1 | Received a gift from Trog
 33424 | Vaults:1 | Reached XP level 17. HP: 158/158 MP: 16/16
 33535 | Vaults:1 | Noticed a Tzitzimitl
 33539 | Vaults:1 | Received a gift from Trog
 33875 | Vaults:1 | Reached skill level 15 in Dodging
 33915 | Vaults:1 | Found a portal to a secret trove of treasure.
 34179 | Vaults:1 | Reached skill level 20 in Axes
 34295 | Vaults:1 | Identified the Catalogue of Displacement
 34556 | Vaults:1 | Received a gift from Trog
 35010 | Vaults:1 | Found Ixkekkat's Book Boutique.
 35266 | Vaults:1 | Identified Xanocw's Tome of the Blaze
 35795 | Vaults:2 | Slain by a phantasmal warrior

Vault maps used:
D:1:      roderic_octagonal_star, serial_bayou_pond_d, dk_noncrumbling_4,
          chequers_jeans, serial_park_tiny_2
D:2:      lemuel_round_altar
D:3:      elyvilon_altar_5, first_ration
D:4:      serial_shops, shop, minmay_a_box_with_orc_wizards_in_it
D:5:      lemuel_zombie_altar_yredelemnul, nicolae_overflow_crystal_walls,
          serial_shops, nicolae_shop_statue_plus, st_stairs_7, uniq_edmund
D:6:      zin_statuary, grunt_dithmenos_smoke_and_mirrors,
          minmay_temple_entry_overgrown, serial_shops, nicolae_shop_stone,
          patterned_corridor
D:7:      lightli_ossuary_entry_decrepit_ruins, minivault_4
D:8:      minmay_recursive_quarters, david_nohive_1, uniq_harold, uniq_joseph
D:9:      dancing_weapons_uskayaw
D:10:     serial_shops, kennysheep_little_box, uniq_urug, uniq_psyche,
          uniq_fannar
D:11:     dpeg_lair_monsters
D:12:     orc_0_dummy, serial_shops, nicolae_shop_behind_doors
D:13:     serial_shops, shop
D:14:     erik_vaults_1
D:15:     grunt_enter_depths_hoard, basic_altar, serial_shops,
          nicolae_shop_trees, shop, nicolae_shop_overgrown_old_shop, shop,
          minmay_tree_intersection, gauntlet_entry_generic, item_on_display_a,
          uniq_roxanne
Lair:2:   grunt_megastairs_4
Lair:3:   skrybe_swamp_entry_bodies, guppyfry_snake_entry_island
Lair:4:   cheibrodos_lair_river_kwai, hellmonk_ghost_happy_afterlife,
          roderic_batcave, uniq_kirke
Lair:5:   minmay_slime_entry_pillars, beast_lair_carwin_7, serial_bayou_shore_a,
          minmay_lair_oklob_chamber, lemuel_fruit_tree
Lair:6:   grunt_lair_end_beastmaster, serial_bayou_lagoon_a
Swamp:1:  evilmike_swamp_ruin_rubble_1, uniq_jorgrun
Swamp:2:  serial_swamp_ruin, evilmike_swamp_ruin_rubble_2,
          evilmike_swamp_ruin_house_6, evilmike_swamp_ruin_house_1
Swamp:3:  hangedman_swamp_ruin_wall, worms_lemuel
Swamp:4:  swamp_old_school, swamp_pool1
Snake:1:  serial_shops, shop, grunt_ministairs_9, spider_trap,
          lemuel_oklob_altar
Orc:1:    special_room, uniq_maurice, uniq_sonja
Orc:2:    st_orc_town, serial_shops, nicolae_shop_window_shopping,
          enter_volcano_4
Vaults:1: ontoclasm_vaults_twist, v_misc_2, nicolae_vaults_diagonal_hallway_9,
          hangedman_vaults_stream, nicolae_vaults_windows_and_doors_thing,
          v_misc_30, v_misc_23, nicolae_vaults_specimen_jars,
          vaults_room_semicircle, enter_trove_5, serial_shops,
          nicolae_shop_window_shopping, serial_hangedman_research,
          hangedman_research_quantum, hangedman_research_pyrotechnics
Vaults:2: ebering_vaults_ghost_reflecting_pool, minmay_crypt_entry_simple_box,
          hangedman_vaults_trim, ontoclasm_vaults_pinch,
          nicolae_vaults_know_your_exits, ontoclasm_vaults_misaligned,
          vaults_mumra_lcd, vaults_room_fours, grunt_vaults_hallway_short,
          v_misc_12, nicolae_vaults_little_squares_6,
          nicolae_vaults_network_quincunx, v_misc_23,
          ontoclasm_vaults_decontamination, vaults_room_ringed_pool,
          vaults_room_grunt_arrival_checkpoint
Ossuary:  ossuary_tomb_1
Gauntlet: gammafunk_gauntlet_one_two_three

Skill      XL: |  1  2  3  4  5  6  7  8  9 10 11 12 13 14 15 16 17 |
---------------+----------------------------------------------------+-----
Axes           | 4 5 6 7 8 10 11 13 14 16 18 19 20 | 20.6
Fighting       | 4 5 6 7 9 10 11 12 14 15 16 | 16.7
Armour         | 3 4 5 6 7 8 9 11 12 13 14 15 16 | 16.6
Dodging        | 3 4 5 6 7 9 10 11 12 13 14 15 | 15.4
Throwing       | 1 2 3 4 5 6 7 9 10 | 10.3
Shields        | 2 4 |  4.0

Action                   |  1- 3 |  4- 6 |  7- 9 | 10-12 | 13-15 | 16-18 || total
-------------------------+-------+-------+-------+-------+-------+-------++-------
Melee: Hand axe          |    58 |   108 |   237 |   460 |   504 |       ||  1367
       Headbutt          |     9 |    11 |    52 |   107 |   261 |   224 ||   664
       Broad axe         |       |       |       |       |   445 |   651 ||  1096
       Unarmed           |       |       |       |       |       |     3 ||     3
 Fire: Hunting sling     |       |       |       |     3 |       |       ||     3
       Blowgun           |       |       |       |       |     9 |       ||     9
Throw: Stone             |    26 |   127 |   204 |   225 |   551 |   176 ||  1309
       Tomahawk          |       |       |       |    40 |    25 |    43 ||   108
       Javelin           |       |       |       |     4 |     1 |       ||     5
Invok: Berserk           |     1 |     2 |     4 |     8 |    14 |     9 ||    38
       Brothers in Arms  |       |       |     1 |     4 |     1 |    10 ||    16
       Trog's Hand       |       |       |       |     1 |     1 |     2 ||     4
Evoke: Wand              |       |       |       |       |       |     2 ||     2
  Use: Scroll            |       |       |     6 |       |    13 |    15 ||    34
       Potion            |       |       |       |       |       |     6 ||     6
 Stab: Petrified         |       |       |       |       |     1 |       ||     1
  Eat: Chunk             |     1 |     7 |     8 |    14 |    16 |    11 ||    57
       Ration            |       |     1 |     3 |     4 |    12 |     9 ||    29
Armor: Chain mail        |    32 |     1 |       |       |       |       ||    33
       Skin              |       |     4 |       |       |       |       ||     4
       Plate armour      |       |       |    87 |   116 |   302 |   177 ||   682
       Crystal plate arm |       |       |       |       |       |   128 ||   128
Dodge: Dodged            |    38 |    70 |    38 |    71 |   180 |   268 ||   665
Block: Large shield      |       |       |   111 |   322 |   620 |   160 ||  1213
       Buckler           |       |       |       |       |       |    66 ||    66

Table legend:
 A = Non-vault XP
 B = Vault XP
 C = Vault XP percentage of total XP
 D = Non-vault monster count
 E = Vault monster count
 F = Vault count percentage of total count
                 A         B        C        D         E       F
            +---------+---------+-------+---------+---------+-------
      Total |  167651 |  100784 |  37.5 |     715 |     334 |  31.8
            +---------+---------+-------+---------+---------+-------
        D:1 |      47 |       0 |   0.0 |      19 |       0 |   0.0
        D:2 |      95 |       0 |   0.0 |      22 |       0 |   0.0
        D:3 |     217 |       0 |   0.0 |      25 |       0 |   0.0
        D:4 |     369 |     192 |  34.2 |      16 |       5 |  23.8
        D:5 |     699 |     286 |  29.0 |      16 |       4 |  20.0
        D:6 |     330 |       0 |   0.0 |       7 |       0 |   0.0
        D:7 |     967 |       0 |   0.0 |      18 |       0 |   0.0
        D:8 |     729 |    2677 |  78.6 |      25 |      22 |  46.8
        D:9 |    3454 |       0 |   0.0 |      39 |       0 |   0.0
       D:10 |    1414 |    1811 |  56.2 |      24 |       3 |  11.1
       D:11 |    3985 |    2851 |  41.7 |      21 |       8 |  27.6
       D:12 |   11174 |       0 |   0.0 |      53 |       0 |   0.0
       D:13 |    7045 |       0 |   0.0 |      30 |       0 |   0.0
       D:14 |   12932 |    1808 |  12.3 |      37 |       2 |   5.1
       D:15 |    5539 |    3078 |  35.7 |      20 |       3 |  13.0
     Lair:1 |    4047 |       0 |   0.0 |      14 |       0 |   0.0
     Lair:2 |   10697 |     347 |   3.1 |      21 |       3 |  12.5
     Lair:3 |   14358 |    2028 |  12.4 |      45 |       6 |  11.8
     Lair:4 |    4003 |    5895 |  59.6 |      16 |      23 |  59.0
     Lair:5 |    1444 |    1615 |  52.8 |       7 |       9 |  56.2
     Lair:6 |    2181 |    8223 |  79.0 |       8 |      16 |  66.7
    Swamp:1 |    6551 |    2967 |  31.2 |      21 |       1 |   4.5
    Swamp:2 |   17771 |     759 |   4.1 |      38 |       2 |   5.0
    Swamp:3 |    9669 |    5334 |  35.6 |      22 |      19 |  46.3
    Swamp:4 |    3238 |   15958 |  83.1 |      11 |      22 |  66.7
    Snake:1 |    5761 |     166 |   2.8 |      16 |       1 |   5.9
      Orc:1 |    4359 |    2994 |  40.7 |      25 |      27 |  51.9
      Orc:2 |    4616 |    7510 |  61.9 |      37 |      57 |  60.6
   Vaults:1 |   25698 |   28596 |  52.7 |      57 |      48 |  45.7
   Vaults:2 |    4262 |    2411 |  36.1 |       5 |       3 |  37.5
    Ossuary |       0 |     323 | 100.0 |       0 |      39 | 100.0
   Gauntlet |       0 |    2955 | 100.0 |       0 |      11 | 100.0
            +---------+---------+-------+---------+---------+-------
